 Dungeon Crawl Stone Soup version 0.27-a0-1590-g15f69828bf (webtiles) character file.

Game seed: 5624027252785918452

137 Demosthentine the Poker (level 5, -3/61 HPs)
             Began as a Merfolk Gladiator on July 18, 2021.
             Killed by nerve-wracking pain
             ... invoked by Grinder
              (6 damage)
             ... on level 3 of the Dungeon.
             The game lasted 00:02:03 (2525 turns).

Demosthentine the Poker (Merfolk Gladiator)         Turns: 2525, Time: 00:02:04

Health: -3/61      AC:  5    Str: 12 (15) XL:     5   Next: 20%
Magic:  5/5        EV: 17    Int:  4 (7)  God:
Gold:   126        SH:  0    Dex: 13 (16) Spells: 4/4 levels left

rFire    + . .     SeeInvis .   a - +0 trident
rCold    . . .     Faith    .   (no shield)
rNeg     . . .     Spirit   .   b - +0 leather armour
rPois    .         Reflect  .   c - +1 helmet
rElec    .         Harm     .   (no cloak)
rCorr    .         Rampage  .   (no gloves)
Will     .....                  (no boots)
Stlth    ..........             (no amulet)
HPRegen  0.20/turn              e - ring of protection from fire
MPRegen  0.09/turn              h - +4 ring of evasion

@: mighty, berserking, very slightly contaminated, hasted, invisible, very quick
A: (nimble swimmer 2), mertail
a: no special abilities


You were on level 3 of the Dungeon.
You visited 1 branch of the dungeon, and saw 3 of its levels.

You collected 126 gold pieces.

Inventory:

Hand Weapons
 a - a +0 trident (weapon)
Missiles
 d - 3 throwing nets (quivered)
Armour
 b - a +0 leather armour (worn)
 c - a +1 helmet (worn)
Jewellery
 e - a ring of protection from fire (left hand)
 h - a +4 ring of evasion (right hand)
Scrolls
 l - 2 scrolls of immolation
Potions
 f - a potion of degeneration
 k - a potion of curing {unknown}
 m - a potion of attraction {unknown}
 n - a potion of might


   Skills:
 + Level 3.3 Fighting
 + Level 5.6 Polearms
 - Level 2.0 Throwing
 + Level 1.5 Armour
 + Level 5.1 Dodging


You had 4 spell levels left.
You didn't know any spells.
Your spell library contained the following spells:

 Spells                   Type           Power      Damage    Failure   Level
 Gell's Gravitas          Tloc           0%         N/A       91%         3
 Lesser Beckoning         Tloc           0%         N/A       91%         3
 Teleport Other           Tloc           0%         N/A       91%         3


Dungeon Overview and Level Annotations

Branches:
Dungeon (3/15)

Altars:
Fedhas

Annotations:
D:3 Grinder


Innate Abilities, Weirdness & Mutations

((You are quick and stealthy near water. (Stealth+, EV+, Speed+++)))
Your lower body shifts to a powerful aquatic tail in water.


Message History

You resist with significant effort.
Grinder is nearby!
You barely miss Grinder.
Grinder is heavily wounded.
Grinder hits you!
You writhe in agony.
You are too injured to fight recklessly!
You are too injured to fight recklessly!
You are too injured to fight recklessly!
It was a potion of degeneration.
There was something very wrong with that liquid.
You feel weakened.
You feel dopey.
You feel clumsy. Grinder gestures at you. Pain shoots through your body!
* * * LOW HITPOINT WARNING * * *
It was a potion of might.
You feel very mighty all of a sudden. Grinder gestures at you.
You barely resist. You completely miss Grinder.
Grinder is heavily wounded.
Grinder completely misses you.
You hit Grinder.
Grinder is heavily wounded.
Grinder hits you.
* * * LOW HITPOINT WARNING * * *
You writhe in agony.
* * * LOW HITPOINT WARNING * * *
It was a potion of haste.
You feel yourself speed up. Grinder gestures at you.
You resist with significant effort.
It was a potion of invisibility.
You fade into invisibility!
Grinder barely misses you.
You are very lightly contaminated with residual magic.
It was a potion of berserk rage.
A red film seems to cover your vision as you go berserk!
You feel yourself moving faster!
You feel mighty! Grinder gestures at you. Pain shoots through your body!
You die...

### #.##.# ...#
#.##.# #
###..######....#
#.#. ... ........##
#.#.###.##..###....#
#.....##..#.#...# .#
#......(........##.
#....#..#..#.#.....
#..5@#.....#.#...##
##....#.._....+..#
#.....#.†.#.##.#
#.......†.†....##
#...............#
#....#..........####
#...........#.......
#..............#####
#####.......####


You could see Grinder.

Vanquished Creatures
  4 adders
  A worm (D:2)
  3 dart slugs
  2 orcs (D:3)
  10 ball pythons
  8 endoplasms
  5 giant cockroaches
  6 hobgoblins
  7 jackals
  3 quokkas
  10 bats
  6 frilled lizards
  3 goblins
  10 kobolds
  7 rats
85 creatures vanquished.

Notes
Turn   | Place    | Note
-------+----------+-------------------------------------------
     0 | D:1      | Demosthentine the Merfolk Gladiator began the quest for the
                  | Orb.
     0 | D:1      | Reached XP level 1. HP: 16/16 MP: 1/1
   128 | D:1      | Reached XP level 2. HP: 23/23 MP: 2/2
   802 | D:1      | Reached XP level 3. HP: 19/28 MP: 3/3
  1047 | D:2      | Reached skill level 5 in Polearms
  1077 | D:2      | Reached skill level 1 in Armour
  1411 | D:2      | Reached XP level 4. HP: 35/35 MP: 4/4
  2027 | D:3      | Reached skill level 5 in Dodging
  2121 | D:3      | Reached XP level 5. HP: 35/41 MP: 5/5
  2337 | D:3      | Found a blossoming altar of Fedhas.
  2488 | D:3      | Found a faded altar of an unknown god.
  2513 | D:3      | Noticed Grinder
  2522 | D:3      | HP: 1/41 [Grinder (3)]
  2525 | D:3      | Killed from afar by Grinder

Illustrated notes

Levels and vault maps discovered:
D:1:      roderic_octagonal_star, layout_loops_ring,
          hangedman_abyss_or_decor_lesser_grid, st_stairs_3
D:2:      layout_basic, minmay_octomino_j4
D:3:      layout_loops_ring, nicolae_overflow_hidden_temple, fedhas_altar_2,
          hellmonk_ecumenical_altar_blasted, minmay_close_crescents,
          uniq_grinder

Skill      XL: |  1  2  3  4 |
---------------+-------------+-----
Polearms       | 5 |  5.6
Armour         | 1 |  1.5
Fighting       | 3 |  3.3
Dodging        | 5 |  5.1
Throwing       | |  2.0

Action                   |  1- 3 |  4- 6 || total
-------------------------+-------+-------++-------
Melee: Trident           |   137 |   119 ||   256
  Use: Scroll            |     1 |     3 ||     4
       Potion            |       |     5 ||     5
 Stab: Sleeping          |     2 |     3 ||     5
Armor: Leather armour    |    34 |    16 ||    50
Dodge: Dodged            |    91 |    94 ||   185

Table legend: (Time is in decaauts)
 A = Elapsed time spent in this place.
 B = Non-inter-level travel time spent in this place.
 C = Inter-level travel time spent in this place.
 D = Time resting spent in this place.
 E = Time spent auto-exploring this place.
 F = Levels seen in this place.
 G = Mean time per level.
                   A        B        C        D        E       F      G
               +--------+--------+--------+--------+--------+-----+--------+
         Total |   2532 |   2489 |     43 |      0 |   2006 |   3 |  844.0 |
       Dungeon |   2532 |   2489 |     43 |      0 |   2006 |   3 |  844.0 |
               +--------+--------+--------+--------+--------+-----+--------+

Top non-repeatable levels by time:
     D:1: 1043 daAuts
     D:2: 899 daAuts
     D:3: 590 daAuts
